 Dungeon Sprint DCSS version 0.23.2-11-gf996548c65 (webtiles) character file.

Game seed: 3583701304623888849

13014 wilfster70 the Sharpshooter (level 12, -9/110 HPs)
             Began as a Formicid Hunter on June 5, 2019.
             Was an Elder of Ru.
             Killed by divine providence
             ... invoked by a yellow draconian stormcaller
              (12 damage)
             ... in the Dungeon (Sprint V: "Ziggurat Sprint").
             The game lasted 00:11:16 (1397 turns).

wilfster70 the Sharpshooter (Formicid Hunter)       Turns: 1397, Time: 00:11:17

Health: -9/110     AC: 28    Str: 33    XL:     12   Next: 27%
Magic:  19/19      EV:  5    Int: 12    God:    Ru [****..]
Gold:   0          SH: 37    Dex: 14    Spells: 11/11 levels left

rFire    + + .     SeeInvis +   b - +5 battleaxe (chop)
rCold    + . .     Gourm    .   n - +18 shield of the Gong {rElec rN+ MR+ EV-5}
rNeg     + . .     Faith    .   l - +5 gold dragon scales
rPois    +         Spirit   .   (helmet unavailable)
rElec    +         Reflect  +   s - +0 cloak {+Inv}
rCorr    .         Harm     .   y - +2 pair of gloves {Dex+3}
MR       ++...                  B - +1 pair of boots {run}
Stlth    ..........             E - amulet "Var Dytt" {Reflect rF+ SH+5}
HPRegen  0.28/turn              C - +6 ring of strength
MPRegen  0.16/turn              D - +6 ring of strength

@: exhausted, corroded, no scrolls, lightly drained, quick
A: permanent stasis, dig shafts and tunnels, four strong arms, antennae 3,
inability to read while threatened, no fire magic, no translocations magic, no
transmutations magic, inexperienced 1
a: Dig, Sacrifice Durability, Sacrifice Artifice, Sacrifice Purity, Reject
Sacrifices, Draw Out Power, Power Leap, Renounce Religion, Evoke Invisibility


You were in the Dungeon.
You worshipped Ru.
Ru was greatly pleased with you.
You were not hungry.

You visited 1 branch

Inventory:

Hand Weapons
 a - the +9 heavy crossbow "Sniper" {velocity, Acc+∞ SInv}
   (You found it in the Dungeon)

   Any bolt fired from it inflicts extra damage.
   It lets you see invisible.
 b - a +5 battleaxe of chopping (weapon)
Missiles
 d - 1067 bolts
Armour
 l - +5 gold dragon scales (worn)
 n - the +18 shield of the Gong (worn) {rElec rN+ MR+ EV-5}
   (You found it in the Dungeon)

   It affects your evasion (-5).
   It insulates you from electricity.
   It protects you from negative energy.
   It affects your resistance to hostile enchantments.
 s - a +0 cloak of invisibility (worn)
 y - a +2 pair of gloves of dexterity (worn)
 B - a +1 pair of boots of running (worn)
Jewellery
 C - a +6 ring of strength (left hand)
 D - a +6 ring of strength (right hand)
 E - the amulet "Var Dytt" (around neck) {Reflect rF+ SH+5}
   (You found it in the Dungeon)

   [amulet of reflection]

   It shields you and reflects attacks.
   It protects you from fire.
   It affects your SH (+5).
Wands
 v - a wand of disintegration (7)
 w - a wand of iceblast (5)
 x - a wand of acid (7)
Scrolls
 c - a scroll of holy word
 h - 5 scrolls of identify
 j - 5 scrolls of remove curse
 k - 2 scrolls of fear
 m - 4 scrolls of amnesia
 o - 7 scrolls of fog
 A - 2 scrolls of brand weapon
Potions
 e - 10 potions of curing
 g - 7 potions of heal wounds
 i - 7 potions of magic
 p - 2 potions of brilliance
 q - 2 potions of invisibility
 r - 4 potions of resistance
 t - 5 potions of agility
 u - 5 potions of might
Comestibles
 f - 8 rations


   Skills:
 + Level 15.5(15.1) Fighting
 * Level 19.5(19.0) Crossbows
 - Level 14.0(13.5) Armour
 + Level 6.6(6.2) Dodging
 - Level 1.2(0.9) Stealth
 + Level 12.2(11.8) Shields
 - Level 10.2(9.8) Evocations


You had 11 spell levels left.
You didn't know any spells.
Your spell library contained the following spells:

 Spells                   Type           Power        Failure   Level  Hunger
 Confusing Touch          Hex            #.....       99%         1    ##.....
 Corona                   Hex            #......      99%         1    ##.....
 Shock                    Conj/Air       #...         99%         1    ##.....
 Summon Butterflies       Summ           #.......     99%         1    ##.....
 Summon Small Mammal      Summ           #...         99%         1    ##.....
 Call Imp                 Summ           #.......     100%        2    ###....
 Poisonous Vapours        Pois/Air       #.....       100%        2    ###....
 Slow                     Hex            #.......     100%        2    ###....
 Swiftness                Chrm/Air       #.......     100%        2    ###....
 Call Canine Familiar     Summ           #.......     100%        3    ####...
 Confuse                  Hex            #.......     100%        3    ####...
 Mephitic Cloud           Conj/Pois/Air  #.......     100%        3    ####...
 Static Discharge         Conj/Air       #.......     100%        3    ####...
 Summon Guardian Golem    Hex/Summ       #.......     100%        3    ####...
 Airstrike                Air            #.........   100%        4    #####..
 Cause Fear               Hex            #.........   100%        4    #####..
 Leda's Liquefaction      Hex/Erth       #.........   100%        4    #####..
 Summon Ice Beast         Ice/Summ       #.......     100%        4    #####..
 Summon Lightning Spire   Summ/Air       #.......     100%        4    #####..
 Lee's Rapid Deconstruct  Erth           #.........   100%        5    ######.
 Lightning Bolt           Conj/Air       #.........   100%        5    ######.
 Metabolic Englaciation   Hex/Ice        #.........   100%        5    ######.
 Summon Mana Viper        Hex/Summ       #.......     100%        5    ######.
 Darkness                 Hex            #.........   100%        6    #######
 Freezing Cloud           Conj/Ice/Air   #.........   100%        6    #######
 Haunt                    Necr/Summ      #.........   100%        7    #######
 Summon Hydra             Summ           #.........   100%        7    #######
 Borgnjor's Revivificati  Necr           #.........   100%        8    #######
 Death's Door             Chrm/Necr      #.........   100%        8    #######
 Infestation              Necr           #.........   100%        8    #######
 Shatter                  Erth           #.........   100%        9    #######
 Tornado                  Air            #.........   100%        9    #######
 Shroud of Golubria       Chrm/Tloc      Unusable     N/A         2    N/A
 Conjure Flame            Conj/Fire      Unusable     N/A         3    N/A
 Gell's Gravitas          Tloc           Unusable     N/A         3    N/A
 Inner Flame              Hex/Fire       Unusable     N/A         3    N/A
 Portal Projectile        Hex/Tloc       Unusable     N/A         3    N/A
 Recall                   Summ/Tloc      Unusable     N/A         3    N/A
 Spider Form              Tmut/Pois      Unusable     N/A         3    N/A
 Petrify                  Tmut/Erth      Unusable     N/A         4    N/A
 Blade Hands              Tmut           Unusable     N/A         5    N/A
 Yara's Violent Unravell  Hex/Tmut       Unusable     N/A         5    N/A
 Dispersal                Tloc           Unusable     N/A         6    N/A
 Ring of Flames           Chrm/Fire      Unusable     N/A         7    N/A
 Ignition                 Fire           Unusable     N/A         8    N/A
 Necromutation            Tmut/Necr      Unusable     N/A         8    N/A

Dungeon Overview and Level Annotations

Branches:
Dungeon (1/1)

Altars:
Ashenzari
Cheibriados
Dithmenos
Elyvilon
Fedhas
Gozag
Hepliaklqana
Kikubaaqudgha
Makhleb
Nemelex Xobeh
Okawaru
Qazlal
Ru
Sif Muna
Trog
Uskayaw
Vehumet
Wu Jian
Xom
Yredelemnul
Zin
The Shining One
Beogh
Jiyva
Lugonu


Innate Abilities, Weirdness & Mutations

You cannot be hasted, slowed, berserked, paralysed or teleported.
You can dig through walls and to a lower floor.
Your four strong arms can wield two-handed weapons with a shield.
You have a pair of large antennae on your head. (SInv)
You cannot read scrolls while threatened.
You cannot study or cast Fire magic.
You cannot study or cast Translocations magic.
You cannot study or cast Transmutations magic.
You are somewhat inexperienced. (-2 XL)


Message History

The green draconian stormcaller tail-slaps you but does no damage.
You block the black draconian's attack.
PTOANNNG!
The purple draconian looks even sicker.
You block the purple draconian's attack.
BOUMMMMG!
The yellow draconian hits you with a +0 war axe!
* * * LOW HITPOINT WARNING * * *
The black draconian hits you from afar with a cursed -1 glaive!
* * * LOW HITPOINT WARNING * * *
The white draconian is engulfed in poison gas.
The white draconian looks even sicker.
The white draconian is stunned by your will and fails to attack.
You block the white draconian's attack.
GONNNNG!
The yellow draconian stormcaller is engulfed in poison gas.
The yellow draconian stormcaller looks even sicker.
The yellow draconian stormcaller invokes the aid of Qazlal against you.
Qazlal smites you!
You die...

▓≈.≈8©8≈..▓.
▓.....:):.▓..)"})|..▓.
▓..[:))|..▓..=(≈≈≈..▓.
▓.........▓......≈.≈▓.
▓..(......▓..).≈.≈..▓.
▓..○.d....▓≈...≈.≈..▓.
▓..○.qd.k.▓(.≈≈.≈≈.≈▓.
▓...dddk..▓..≈))).≈.▓.
▓.▓.q@qk▓.▓..≈≈)÷≈..▓.
▓...dddk..▓...)©...≈▓▓
▓▓▓▓▓▓▓▓▓▓▓▓▓▓▓▓▓▓▓▓▓


{{{{{{{{ { {{{{{{{{{{ {{{{{{{{{{ {{{{{{{{{{ {{{{{{{{{{ {{{{{{{{{{ { {{{{{ You
could see 2 draconians, 2 draconians, a green draconian, a purple draconian, 2
draconians, a black draconian shifter, 2 draconians, 2 death drakes and 2 swamp
drakes.

Vanquished Creatures
  A merfolk javelineer (D)
  3 merfolk impalers (D)
  2 yaktaur captains (D)
  4 vault guards (D)
  A merfolk aquamancer (D)
  2 dancing weapons (D)
  2 deep elf knights (D)
  A sea snake (D)
  A glowing orange brain (D)
  4 deep elf archers (D)
  A deep elf mage (D)
  3 draconians (D)
  A merfolk siren (D)
  A water nymph (shapeshifter) (D)
  3 yaktaurs (D)
  A vault sentinel (D)
  3 rime drakes (D)
  2 merfolk (D)
  2 jumping spiders (D)
  A polar bear (shapeshifter) (D)
  A hornet (D)
  A snapping turtle (D)
  2 air elementals (D)
  2 tarantellas (D)
  2 wyverns (D)
  A fire elemental (D)
  6 steam dragons (D)
  A water moccasin (D)
  3 swamp drakes (D)
  2 scorpions (D)
  2 adders (D)
  A ball python (D)
63 creatures vanquished.

Vanquished Creatures (others)
  A swamp drake (D)
1 creature vanquished.

Grand Total: 64 creatures vanquished

Notes
Turn   | Place    | Note
-------+----------+-------------------------------------------
     0 | D        | Found the +6 Majin-Bo {vamp, Archmagi MP+6 Int+6}
     0 | D        | Found the +7 great mace "Firestarter" {inner flame, rF++}
     0 | D        | wilfster70 the Formicid Hunter began the quest for the Orb.
     0 | D        | Reached XP level 1. HP: 16/16 MP: 1/1
    20 | D        | Found a blossoming altar of Fedhas.
    21 | D        | Found a sacrificial altar of Ru.
    21 | D        | Found a deep blue altar of Sif Muna.
    21 | D        | Found a stormy altar of Qazlal.
    21 | D        | Found a bloodstained altar of Trog.
    21 | D        | Found an iron altar of Okawaru.
    21 | D        | Found a sparkling altar of Nemelex Xobeh.
    21 | D        | Found a transporter.
    21 | D        | Found an ancient bone altar of Kikubaaqudgha.
    21 | D        | Found a viscous altar of Jiyva.
    21 | D        | Found a corrupted altar of Lugonu.
    21 | D        | Found a hazy altar of Hepliaklqana.
    21 | D        | Found a burning altar of Makhleb.
    21 | D        | Found an opulent altar of Gozag.
    28 | D        | Found the +9 heavy crossbow "Sniper" {velocity, Acc+∞ SInv}
    28 | D        | Found the +10 dark maul {crush}
    28 | D        | Found the +15 Maxwell's patent armour {-Cast -Tele rElec
                  | MR+ rCorr}
    28 | D        | Found the +18 shield of the Gong {rElec rN+ MR+ EV-5}
    28 | D        | Found the cursed +14 obsidian axe {chop, +Fly SInv *Curse}
    77 | D        | Became a worshipper of Ru the Awakened
    98 | D        | Reached skill level 6 in Crossbows
    98 | D        | Reached XP level 2. HP: 25/25 MP: 2/2
   172 | D        | Entered arena 2.
   172 | D        | Noticed a jumping spider
   172 | D        | Noticed a jumping spider
   172 | D        | Found a transporter.
   174 | D        | Killed a jumping spider
   174 | D        | Reached skill level 8 in Crossbows
   174 | D        | Reached skill level 5 in Armour
   174 | D        | Reached XP level 3. HP: 34/34 MP: 2/6
   174 | D        | Reached XP level 4. HP: 40/40 MP: 2/7
   174 | D        | Reached XP level 5. HP: 46/46 MP: 2/8
   174 | D        | Reached XP level 6. HP: 52/52 MP: 2/9
   175 | D        | Killed a jumping spider
   175 | D        | Reached skill level 9 in Crossbows
   175 | D        | Reached skill level 5 in Evocations
   175 | D        | Reached XP level 7. HP: 60/60 MP: 2/11
   249 | D        | Entered arena 3.
   249 | D        | Noticed a draconian
   249 | D        | Noticed a draconian
   249 | D        | Noticed a draconian
   249 | D        | Found a transporter.
   254 | D        | Killed a draconian
   254 | D        | Reached skill level 10 in Crossbows
   254 | D        | Reached XP level 8. HP: 64/68 MP: 12/12
   256 | D        | Killed a draconian
   256 | D        | Reached skill level 11 in Crossbows
   260 | D        | Killed a draconian
   260 | D        | Reached skill level 12 in Crossbows
   260 | D        | Reached XP level 9. HP: 58/76 MP: 14/14
   268 | D        | Got Sif Muna's Reference Book on Earthen Enchantment
   340 | D        | Entered arena 4.
   340 | D        | Found a transporter.
   364 | D        | Gained mutation: You cannot study or cast Fire magic. [Ru
                  | sacrifice]
   364 | D        | Gained mutation: You cannot study or cast Transmutations
                  | magic. [Ru sacrifice]
   364 | D        | Gained mutation: You cannot study or cast Translocations
                  | magic. [Ru sacrifice]
   364 | D        | Reached * piety under Ru
   366 | D        | Entered arena 5.
   366 | D        | Found a transporter.
   386 | D        | Entered arena 6.
   386 | D        | Noticed a +3 hand axe of chopping
   386 | D        | Noticed a deep elf knight
   386 | D        | Noticed a deep elf archer
   386 | D        | Noticed a deep elf knight
   386 | D        | Found a transporter.
   388 | D        | Killed a +3 hand axe of chopping
   388 | D        | Reached skill level 10 in Fighting
   388 | D        | Reached skill level 13 in Crossbows
   388 | D        | Reached skill level 10 in Armour
   389 | D        | Reached XP level 10. HP: 85/86 MP: 15/17
   393 | D        | Killed a deep elf knight
   394 | D        | Killed a deep elf knight
   394 | D        | Reached skill level 14 in Crossbows
   395 | D        | Killed a deep elf archer
   395 | D        | Reached skill level 10 in Evocations
   503 | D        | Entered arena 7.
   503 | D        | Noticed a vault guard
   503 | D        | Noticed a vault guard
   503 | D        | Noticed a glowing orange brain
   503 | D        | Noticed a vault guard
   503 | D        | Noticed a vault guard
   515 | D        | Killed a glowing orange brain
   525 | D        | Killed a vault guard
   525 | D        | Reached skill level 15 in Crossbows
   539 | D        | Killed a vault guard
   539 | D        | Reached XP level 11. HP: 12/95 MP: 16/18
   541 | D        | Found a transporter.
   542 | D        | Killed a vault guard
   542 | D        | Reached skill level 16 in Crossbows
   542 | D        | HP: 2/96 [vault guard/+2 long sword (12)]
   545 | D        | Killed a vault guard
   833 | D        | Entered arena 8.
   843 | D        | Gained mutation: You are somewhat inexperienced. (-2 XL)
                  | [Ru sacrifice]
   843 | D        | Reached XP level 10. HP: 92/92 MP: 17/17
   843 | D        | Reached XP level 9. HP: 85/85 MP: 16/16
   843 | D        | Reached ** piety under Ru
   843 | D        | Reached *** piety under Ru
   844 | D        | Found a transporter.
   867 | D        | Got the ring "Etastut" {rPois rC+ rN+}
   877 | D        | Got the Catalogue of Supportive Moulding
   880 | D        | Entered arena 9.
   880 | D        | Noticed a black mamba
   880 | D        | Noticed a yaktaur captain
   880 | D        | Noticed a vault sentinel
   880 | D        | Noticed a yaktaur captain
   880 | D        | Noticed a yaktaur
   880 | D        | Noticed a yaktaur
   880 | D        | Noticed a yaktaur
   881 | D        | Noticed a polar bear
   881 | D        | a black mamba changed into a polar bear
   884 | D        | Killed a polar bear
   886 | D        | Killed a yaktaur captain
   886 | D        | Reached skill level 17 in Crossbows
   886 | D        | Reached XP level 10. HP: 69/92 MP: 17/17
   888 | D        | Killed a yaktaur
   891 | D        | Killed a yaktaur
   896 | D        | Killed a yaktaur
   899 | D        | Killed a yaktaur captain
   902 | D        | Killed a vault sentinel
   903 | D        | Found a transporter.
   924 | D        | Got the amulet "Timusocs" {rN+ Regen+ MP+9 Str-4 Stlth+}
   971 | D        | Entered arena 10.
   971 | D        | Noticed a +3 flail of holy wrath
   971 | D        | Noticed a deep elf mage
   971 | D        | Noticed a deep elf archer
   971 | D        | Noticed an eye of devastation
   971 | D        | Noticed a deep elf archer
   971 | D        | Noticed a deep elf archer
   971 | D        | Noticed a water nymph
   971 | D        | an eye of devastation changed into a water nymph
   973 | D        | Killed a +3 flail of holy wrath
   973 | D        | Reached XP level 11. HP: 99/100 MP: 18/18
   973 | D        | Found a transporter.
   974 | D        | Reached skill level 18 in Crossbows
   975 | D        | Killed a deep elf mage
   977 | D        | Noticed a manticore
   977 | D        | a swamp worm changed into a manticore
   978 | D        | Killed a deep elf archer
   978 | D        | Reached skill level 10 in Shields
   978 | D        | a manticore changed into a merfolk
   980 | D        | Noticed a faun
   980 | D        | a slime creature changed into a faun
   981 | D        | Killed a deep elf archer
   981 | D        | a faun changed into a water nymph
   984 | D        | Killed a deep elf archer
   989 | D        | Gained mutation: You cannot read scrolls while threatened.
                  | [Ru sacrifice]
   989 | D        | Reached **** piety under Ru
  1004 | D        | Got the amulet "Var Dytt" {Reflect rF+ SH+5}
  1015 | D        | Got Sif Muna's Guide on Dislocation and Venom
  1021 | D        | Entered arena 11.
  1035 | D        | Found a transporter.
  1058 | D        | Identified a +1 pair of boots of running (You found it in
                  | the Dungeon)
  1066 | D        | Entered arena 12.
  1066 | D        | Noticed a merfolk impaler
  1066 | D        | Noticed a merfolk javelineer
  1066 | D        | Noticed a merfolk siren
  1066 | D        | Noticed a merfolk aquamancer
  1066 | D        | Noticed a merfolk impaler
  1067 | D        | Killed a merfolk impaler
  1067 | D        | Noticed a merfolk impaler
  1068 | D        | Noticed a sea snake
  1071 | D        | Killed a merfolk aquamancer
  1071 | D        | Reached skill level 5 in Dodging
  1073 | D        | Killed a sea snake
  1073 | D        | Reached skill level 15 in Fighting
  1079 | D        | Reached skill level 19 in Crossbows
  1080 | D        | Killed a merfolk javelineer
  1081 | D        | Reached XP level 12. HP: 25/110 MP: 19/19
  1085 | D        | HP: 5/110 [merfolk impaler/+2 trident of piercing (1)]
  1088 | D        | Killed a merfolk impaler
  1089 | D        | Killed a merfolk impaler
  1100 | D        | Found a transporter.
  1390 | D        | Entered arena 13.
  1390 | D        | Noticed a green draconian
  1390 | D        | Noticed a yellow draconian
  1390 | D        | Noticed a green draconian stormcaller
  1390 | D        | Noticed a yellow draconian
  1390 | D        | Noticed a black draconian
  1390 | D        | Noticed a white draconian
  1391 | D        | Noticed a purple draconian
  1391 | D        | Identified the ring "Edghea Wigg" {rC+ rN+++ MR- Int+2}
  1391 | D        | Noticed a yellow draconian stormcaller
  1391 | D        | Identified the ring "Retwoiwo" {rElec MR+ Int-4 SInv
                  | Stlth-}
  1391 | D        | Noticed a white draconian
  1391 | D        | Noticed a black draconian shifter
  1391 | D        | Noticed a black draconian
  1394 | D        | HP: 5/110 [yellow draconian/+0 flail (13)]
  1397 | D        | Killed from afar by a yellow draconian stormcaller

Skill      XL: |  1  2  3  4  5  6  7  8  9 10 11 12 |
---------------+-------------------------------------+-----
Fighting       | 4 6 7 8 9 10 14 15 | 15.5
Crossbows      | 6 8 9 10 12 17 15 19 | 19.5
Armour         | 3 5 6 7 8 10 14 13 | 14.0
Shields        | 3 6 7 8 9 11 12 | 12.2
Evocations     | 4 5 6 7 9 10 | 10.2
Dodging        | 2 5 6 |  6.6
Stealth        | |  1.2

Action                   |  1- 3 |  4- 6 |  7- 9 | 10-12 || total
-------------------------+-------+-------+-------+-------++-------
Melee: Battleaxe         |       |       |       |    17 ||    17
 Fire: Heavy crossbow    |     2 |     1 |    31 |    86 ||   120
Invok: Sacrifice Arcana  |       |       |     1 |       ||     1
       Sacrifice Experie |       |       |     1 |       ||     1
       Draw Out Power    |       |       |       |     3 ||     3
       Sacrifice Words   |       |       |       |     1 ||     1
 Abil: Evoke Invisibilit |       |       |       |     1 ||     1
Evoke: Wand              |       |       |       |     2 ||     2
  Use: Potion            |     1 |       |       |     5 ||     6
       Scroll            |       |       |       |     1 ||     1
  Eat: Chunk             |       |       |       |     2 ||     2
Armor: Gold dragon scale |       |       |    15 |   103 ||   118
Dodge: Dodged            |       |       |     1 |    15 ||    16
Block: Shield            |     2 |       |    65 |   228 ||   295
       Reflection        |       |       |       |     5 ||     5
